 Dungeon Sprint DCSS version 0.21.1-1-g345015fe64 (webtiles) character file.

1250 Htamos the Severer (level 8, 0/57 HPs)
             Began as a Minotaur Berserker on July 11, 2018.
             Was a Priest of Trog.
             Slain by a deep troll (3 damage)
             ... in the Dungeon (Sprint I: "Red Sonja").
             The game lasted 00:03:31 (998 turns).

Htamos the Severer (Minotaur Berserker)              Turns: 998, Time: 00:03:32

Health: 0/57       AC:  4    Str: 23    XL:     8   Next: 26%
Magic:  7/7        EV:  7    Int:  4    God:    Trog [***...]
Gold:   612        SH: 12    Dex: 11    Spells: 7/7 levels left

rFire    . . .     SeeInvis .   a - +0 hand axe
rCold    . . .     Gourm    .   d - +0 large shield
rNeg     . . .     Faith    .   k - +1 leather armour {MR+}
rPois    .         Spirit   .   (helmet restricted)
rElec    .         Reflect  .   (no cloak)
rCorr    .         Harm     .   (no gloves)
MR       +....     NoTele   +   (no boots)
Stlth    +.........             (no amulet)
HPRegen  0.19/turn              (no ring)
MPRegen  0.10/turn              (no ring)

@: no status effects
A: retaliatory headbutt, horns 2, frail 1, subdued magic 1
a: Berserk, Trog's Hand, Burn Spellbooks, Renounce Religion


You were in the Dungeon.
You worshipped Trog.
Trog was most pleased with you.
You were near starving.

You visited 1 branch You collected 612 gold pieces.

Inventory:

Hand Weapons
 a - a +0 hand axe (weapon)
Armour
 b - a +0 animal skin
 d - a +0 large shield (worn)
 k - a +1 leather armour of magic resistance (worn)
Wands
 j - a wand of random effects (24)
Scrolls
 i - a scroll of blinking
 l - a scroll of fog {unknown}
Potions
 c - 2 potions of curing
 f - a potion of haste
 g - 2 potions of magic
 h - a potion of berserk rage


   Skills:
 - Level 3.6 Fighting
 + Level 19.9 Axes
 - Level 2.4 Armour
 - Level 2.1 Dodging


You had 7 spell levels left.
You didn't know any spells.

Dungeon Overview and Level Annotations

Branches:
Dungeon (1/1)

Altars:
Cheibriados
Dithmenos
Elyvilon
Fedhas
Gozag
Hepliaklqana
Kikubaaqudgha
Makhleb
Nemelex Xobeh
Okawaru
Qazlal
Ru
Sif Muna
Trog
Uskayaw
Vehumet
Wu Jian
Xom
Yredelemnul
Zin
The Shining One
Jiyva
Lugonu

Shops:
D ((


Innate Abilities, Weirdness & Mutations

You reflexively headbutt those who attack you in melee.
You have a pair of horns on your head.
You are frail. (-10% HP)
Your spells are a little easier to cast, but a little less powerful.


Message History

Your headbutt misses the deep troll.
The deep troll is heavily wounded.
The deep troll bites you!
* * * LOW HITPOINT WARNING * * *
You block the deep troll's attack. x2
You hit the deep troll. Your headbutt misses the deep troll.
The deep troll is severely wounded.
You block the deep troll's attack. x3
You hit the deep troll but do no damage.
The deep troll is severely wounded.
You block the deep troll's attack. The deep troll claws you.
* * * LOW HITPOINT WARNING * * *
The deep troll claws you.
* * * LOW HITPOINT WARNING * * *
You closely miss the deep troll. Your headbutt misses the deep troll.
The deep troll is heavily wounded.
The deep troll bites you.
* * * LOW HITPOINT WARNING * * *
The deep troll closely misses you. The deep troll claws you.
You die...

#..#####'#####'#__#
#..####..#...#(# ##
#..#__####..##.#
#..#_____##'#_.+
#⌠⌠#_.∩...'..._#
####_..__##_(#+#
#_____###+#
###########.####+###
∩........+...@T$.$$+
##''''####...#######
..... ###.### ....
#.#'#.# ..# #.....#
. #.....# #######


You could see a deep troll.

Vanquished Creatures
  A slime creature (D)
  A yak (D)
  Sigmund (D)
  A floating eye (D)
  An ogre (D)
  A jelly (D)
  Ijyb (D)
  4 ballistomycetes (D)
11 creatures vanquished.

Vanquished Creatures (others)
  Sonja (D)
  A gargoyle (D)
  2 ballistomycete spores (D)
4 creatures vanquished.

Grand Total: 15 creatures vanquished

Notes
Turn   | Place    | Note
-------+----------+-------------------------------------------
     0 | D        | Htamos the Minotaur Berserker began the quest for the Orb.
     0 | D        | Reached XP level 1. HP: 19/19 MP: 0/0
     1 | D        | Noticed Ijyb
    17 | D        | Killed Ijyb
    17 | D        | Reached skill level 7 in Axes
    17 | D        | Reached XP level 2. HP: 25/26 MP: 1/1
    51 | D        | Killed a gargoyle
   129 | D        | Noticed an ogre
   132 | D        | Killed an ogre
   132 | D        | Reached skill level 11 in Axes
   132 | D        | Reached XP level 3. HP: 31/31 MP: 2/2
   132 | D        | Reached XP level 4. HP: 39/39 MP: 3/3
   189 | D        | Noticed Sigmund
   201 | D        | Killed Sigmund
   201 | D        | Reached ** piety under Trog
   201 | D        | Reached skill level 14 in Axes
   201 | D        | Reached XP level 5. HP: 45/45 MP: 4/4
   262 | D        | Found a burning altar of Makhleb.
   262 | D        | Found a viscous altar of Jiyva.
   262 | D        | Found a shimmering altar of Xom.
   262 | D        | Found a corrupted altar of Lugonu.
   262 | D        | Noticed a slime creature
   269 | D        | Killed a slime creature
   269 | D        | Reached skill level 16 in Axes
   269 | D        | Reached XP level 6. HP: 51/51 MP: 5/5
   314 | D        | Found an ornate altar of the Wu Jian Council.
   314 | D        | Found a deep blue altar of Sif Muna.
   316 | D        | Found a radiant altar of Vehumet.
   327 | D        | Found Gaos's Weapon Emporium.
   327 | D        | Found an ancient bone altar of Kikubaaqudgha.
   327 | D        | Found a hazy altar of Hepliaklqana.
   327 | D        | Found a stormy altar of Qazlal.
   327 | D        | Found a hide-covered altar of Uskayaw.
   327 | D        | Found a blossoming altar of Fedhas.
   327 | D        | Found a bloodstained altar of Trog.
   327 | D        | Found an iron altar of Okawaru.
   327 | D        | Found a basalt altar of Yredelemnul.
   327 | D        | Found a glowing golden altar of the Shining One.
   327 | D        | Found a snail-covered altar of Cheibriados.
   327 | D        | Found a sacrificial altar of Ru.
   327 | D        | Found a glowing silver altar of Zin.
   327 | D        | Found a shadowy altar of Dithmenos.
   327 | D        | Found a white marble altar of Elyvilon.
   327 | D        | Noticed a yak
   332 | D        | Killed a yak
   332 | D        | Reached *** piety under Trog
   332 | D        | Reached skill level 17 in Axes
   332 | D        | Reached XP level 7. HP: 21/57 MP: 6/6
   333 | D        | Found an opulent altar of Gozag.
   348 | D        | Found a sparkling altar of Nemelex Xobeh.
   512 | D        | Noticed Sonja
   528 | D        | HP: 1/57 [poisoned by Sonja (curare-tipped needle)]
   537 | D        | Killed Sonja
   537 | D        | Reached skill level 19 in Axes
   537 | D        | Reached XP level 8. HP: 35/64 MP: 7/7
   547 | D        | Found Nipsueka's Weapon Boutique.
   547 | D        | Noticed a shining eye
   547 | D        | Noticed a shining eye
   548 | D        | Paralysed by a floating eye for 2 turns
   552 | D        | Gained mutation: Your spells are a little easier to cast, but a little less powerful. [a shining eye]
   554 | D        | Gained mutation: You are frail. (-10% HP) [a shining eye]
   987 | D        | Noticed a deep troll
   998 | D        | Slain by a deep troll

Skill      XL: |  1  2  3  4  5  6  7 |
---------------+----------------------+-----
Axes           | 7 11 14 16 17 19 | 19.9
Fighting       | |  3.6
Armour         | |  2.4
Dodging        | |  2.1

Action                   |  1- 3 |  4- 6 |  7- 9 || total
-------------------------+-------+-------+-------++-------
Melee: Hand axe          |    16 |    22 |    34 ||    72
       Headbutt          |     4 |     5 |     8 ||    17
Invok: Berserk           |     2 |     3 |     1 ||     6
  Use: Potion            |       |       |     2 ||     2
  Eat: Chunk             |       |     1 |       ||     1
       Ration            |       |       |     1 ||     1
Armor: Animal skin       |     2 |       |       ||     2
       Leather armour    |       |     3 |     5 ||     8
Dodge: Dodged            |     9 |     3 |    13 ||    25
Block: Large shield      |       |       |     9 ||     9
